AoeStats
← Elnor

Black Forest

510587600Analyzed
3v3 RM · 12h ago on Oct 1, 2026· 32m 3s· 6 players
Game mode
Random Map
Map size
Normal (6 player)
Population
200
Speed
Normal
Resources
Standard
Victory
Conquest
Starting age
Dark Age
Ending age
Imperial Age
RankedLock teamsTeams togetherTeam positionsShared explorationLock speedFull tech treeHidden civsTurbo modeCheats
Victory
Defeat
🇮🇹 Saracens · Italy
1460
+15
🇮🇹 Mongols · Italy
1448
+16
🇮🇹 Britons · Italy
1404
+18
🇺🇸 Lithuanians · United States
1461
-17
🇺🇸 Romans · United States
1456
-17
🇻🇳 Mongols · Vietnam
1421
-15
Elnor
1:28 Loom
13:59 Feudal Age
16:14 Double-Bit Axe
19:00 Castle Age
16:52 Fletching
19:13 Gold Mining
19:04 Horse Collar
20:05 Bow Saw
19:58 Bodkin Arrow
28:56 Ballistics
29:25 Wheelbarrow
ITA | Frades89
8:40 Feudal Age
10:16 Double-Bit Axe
13:44 Scale Barding Armor
16:10 Forging
16:31 Bloodlines
21:59 Castle Age
22:05 Light Cavalry
23:23 Iron Casting
23:35 Chain Barding Armor
26:21 Husbandry
29:26 Wheelbarrow
ITA | tonypolik
8:48 Feudal Age
8:56 Loom
9:19 Double-Bit Axe
11:18 Horse Collar
20:09 Castle Age
18:27 Fletching
19:16 Bloodlines
19:33 Gold Mining
21:06 Bow Saw
20:52 Bodkin Arrow
21:39 Padded Archer Armor
22:36 Ballistics
27:08 Wheelbarrow
26:40 Thumb Ring
28:35 Heavy Plow
28:51 Leather Archer Armor
BigAl
9:36 Feudal Age
10:21 Feudal Age
14:52 Castle Age
17:48 Wheelbarrow
17:06 Double-Bit Axe
17:02 Horse Collar
19:25 Loom
22:31 Scale Barding Armor
25:07 Bloodlines
24:57 Husbandry
26:38 Husbandry
27:18 Chain Barding Armor
28:39 Forging
31:15 Iron Casting
K-1000
2:55 Loom
12:07 Feudal Age
16:24 Castle Age
14:39 Scale Mail Armor
14:28 Double-Bit Axe
15:46 Gold Mining
15:50 Man-at-Arms
17:03 Forging
17:02 Long Swordsman
23:07 Wheelbarrow
22:56 Horse Collar
24:24 Chain Mail Armor
27:06 Iron Casting
26:36 Squires
31:12 Bow Saw
31:22 Heavy Plow
31:12 Town Watch
31:53 Hand Cart
shogun
1:38 Loom
9:24 Feudal Age
10:49 Wheelbarrow
11:29 Double-Bit Axe
13:05 Fletching
20:03 Padded Archer Armor
20:17 Horse Collar
21:25 Scale Mail Armor
26:57 Forging
32:36 Castle Age
Connection lost

Rejoining the realm…

Still unreachable

The connection could not be restored.

Session expired

The server has moved on; the page needs a fresh start.